 Dungeon Crawl Stone Soup version 0.32-a0-42-ga30500b4d3 (webtiles) character file.

Game seed: 13140292634231360624

2450 KKCryptic the Grappler (level 9, -4/88 HPs)
             Began as a Demonspawn Shapeshifter on Jan 27, 2024.
             Was a Follower of Nemelex Xobeh.
             Slain by a yak (12 damage)
             ... on level 7 of the Dungeon on Jan 28, 2024.
             The game lasted 00:34:23 (5278 turns).

KKCryptic the Grappler (Demonspawn Shapeshifter)    Turns: 5278, Time: 00:34:23

Health: -4/88      AC:  5    Str: 19    XL:     9   Next: 25%
Magic:  9/9        EV: 11    Int: 12    God:    Nemelex Xobeh [*.....]
Gold:   244        SH:  0    Dex: 15    Spells: 8/8 levels left

rFire   . .          .
                       - Unarmed
rCold   + . .        k - orb "Qajeuror" {*channel, +Blink rC+ rN+ Int+2}
rNeg    + . .        f - +0 ring mail
rPois   +            i - melded +2 helmet {Int+3}
rElec   .            y - melded scarf {shadows}
rCorr   .            (gloves currently unavailable)
SInv    .            r - melded +0 pair of boots
Will    .....        q - amulet of regeneration Stlth
                     v - ring of poison resistance
HPRegen 1.14/turn    (no ring)
MPRegen 0.22/turn

%: channel magic (20%)
@: berserking (expiring), beast-form, very quick
A: beast (slay +4), thin skeletal structure 1, spiny 3, magic regeneration,
weakness stinger 1
a: Begin Untransformation, Renounce Religion, Evoke Blink, Draw Escape, Draw
Destruction, Draw Summoning


You were on level 7 of the Dungeon.
You worshipped Nemelex Xobeh.
Nemelex Xobeh was aware of your devotion.
You were a hulking beast.
You visited 2 branches of the dungeon, and saw 8 of its levels.

You collected 268 gold pieces.
You spent 24 gold pieces at shops.

Inventory:

Missiles
 m - 9 boomerangs (quivered)
Armour
 f - a +0 ring mail (worn)
 i - a +2 helmet of intelligence (melded)
 k - the orb "Qajeuror" (worn) {*channel, +Blink rC+ rN+ Int+2}
   (You acquired it on level 6 of the Dungeon)

   Int+2:     It affects your intelligence (+2).
   rC+:       It protects you from cold.
   rN+:       It protects you from negative energy.
   +Blink:    It lets you blink.
 r - a +0 pair of boots (melded)
 y - a scarf of shadows (melded)
Jewellery
 q - an amulet of regeneration (around neck)
 v - a ring of poison resistance (left hand)
Talismans
 c - a beast talisman (active)
 d - a flux talisman
 n - a blade talisman
Wands
 u - a wand of light (8)
 x - a wand of paralysis (10)
Scrolls
 h - 3 scrolls of teleportation
 j - a scroll of amnesia
 l - a scroll of blinking
 p - a scroll of summoning {unknown}
 w - a scroll of vulnerability {unknown}
 z - a scroll of poison {unknown}
 A - a scroll of noise {unknown}
Potions
 a - a potion of enlightenment
 b - a potion of lignification
 e - 2 potions of mutation
 g - a potion of haste
 t - 3 potions of brilliance


   Skills:
 - Level 1.0 Fighting
 - Level 2.0 Dodging
 * Level 8.6 Unarmed Combat
 + Level 1.7 Hexes
 - Level 1.1 Air Magic
 * Level 7.5 Shapeshifting


You had 8 spell levels left.
You didn't know any spells.
Your spell library contained the following spells:

 Spells                   Type           Power      Damage    Failure   Level
 Jinxbite                 Hex            8%         N/A       61%         2
 Shock                    Conj/Air       4%         1d3       63%         1
 Lesser Beckoning         Tloc           0%         N/A       83%         2
 Swiftness                Air            2%         N/A       87%         3
 Gell's Gravitas          Tloc           0%         N/A       95%         3
 Teleport Other           Tloc           0%         N/A       95%         3
 Airstrike                Air            1%         2d(1-17)  99%         4
 Yara's Violent Unravell  Hex/Alch       1%         3d3       100%        5
 Enfeeble                 Hex            2%         N/A       100%        7


Dungeon Overview and Level Annotations

Branches:
Dungeon (7/15)             Temple (1/1) D:4

Altars:
Ashenzari
Cheibriados
Dithmenos
Fedhas
Gozag
Hepliaklqana
Kikubaaqudgha
Makhleb
Nemelex Xobeh
Qazlal
Ru
Sif Muna
Vehumet
Xom

Shops:
D:2 ?


Innate Abilities, Weirdness & Mutations

You are a hulking beast.
Your limbs bulge with bestial killing power. (Slay +4)
You have a somewhat thin skeletal structure. (Dex +2, Stealth+)
You are completely covered in sharp spines.
You regenerate magic rapidly.
You have a small tail.


Message History

The centaur unwields a +0 orcbow.
The centaur is struck by your spines.
The centaur hits you but does no damage.
The centaur closely misses you. The yak gores you!
You hit the yak. You tail-slap the yak!
The yak is almost dead.
The centaur is struck by your spines.
You kill the centaur!
The yak gores you but does no damage. The bullfrog is struck by your spines.
The bullfrog hits you.
Your Hexes skill increases to level 1!
You punch the yak!
You kill the yak!
The yak is struck by your spines. The yak closely misses you.
You punch the yak!
The yak is moderately wounded.
The bullfrog closely misses you.
You closely miss the yak.
The yak is moderately wounded.
The bullfrog is struck by your spines. The bullfrog closely misses you.
The yak gores you. The yak is struck by your spines. The yak gores you!
* * * LOW HITPOINT WARNING * * *
You barely miss the bullfrog. You tail-slap the bullfrog!
You kill the bullfrog!
You punch the yak!
The yak is severely wounded.
The yak is struck by your spines. The yak gores you!
* * * LOW HITPOINT WARNING * * *
You pummel the yak!!
You kill the yak!
You barely miss the yak. You tail-slap the yak!
The yak is moderately wounded.
The yak gores you!
* * * LOW HITPOINT WARNING * * *
You punch the yak!
Your tail-slap misses the yak.
The yak is severely wounded.
You closely miss the yak. You tail-slap the yak!
The yak is almost dead.
The yak gores you!
You die...
Your body disappears without a glow.

### ##.## # #### ###...#
#.#...##.....###
.......#.......##
.....(.#h.......#
......)Y#......## ...#
........#......## ....
......).........# ....
...............## ###....
........###....####.....)
.........#.......##.....#
..................#....##
......##...........)....#


You could see a yak.

Vanquished Creatures
  A troll (D:6)
  Sigmund (D:4)
  3 yaks (D:7)
  Duvessa (D:5)
  An orc warrior (D:6)
  Pargi (D:4)
  3 black bears (D:6)
  A centaur (D:7)
  A phantom (D:5)
  A kobold brigand (D:6)
  3 scorpions
  3 bullfrogs
  Dowan (D:5)
  An orc priest (D:6)
  2 hounds (D:5)
  4 iguanas
  4 orc wizards
  Robin (D:2)
  4 adders
  A white imp (D:6)
  2 ribbon worms
  3 dart slugs
  13 orcs
  4 ball pythons
  4 bats
  8 endoplasms
  A giant cockroach (D:4)
  17 goblins
  6 hobgoblins
  3 jackals (D:4)
  9 kobolds
  3 quokkas
  5 frilled lizards
  2 rats
118 creatures vanquished.

Vanquished Creatures (others)
  A human (D:3)
1 creature vanquished.

Grand Total: 119 creatures vanquished

Notes
Turn   | Place    | Note
-------+----------+-------------------------------------------
     0 | D:1      | KKCryptic the Demonspawn Shapeshifter began the quest for
                  | the Orb.
     0 | D:1      | Reached XP level 1. HP: 15/15 MP: 1/1
   181 | D:1      | Reached skill level 3 in Unarmed Combat
   181 | D:1      | Gained mutation: You are partially covered in sharp spines.
                  | [demonic ancestry]
   181 | D:1      | Reached XP level 2. HP: 21/21 MP: 2/2
  1056 | D:2      | Noticed Robin
  1088 | D:2      | Reached XP level 3. HP: 26/26 MP: 3/3
  1105 | D:2      | Killed Robin
  1372 | D:2      | Found Robousm's Magic Scroll Emporium.
  1380 | D:2      | Bought a scroll of identify for 24 gold pieces
  1783 | D:2      | You fall into a shaft and drop 1 floor!
  2046 | D:3      | Reached XP level 4. HP: 32/32 MP: 4/4
  2089 | D:3      | Noticed a bullfrog
  2097 | D:3      | Killed a bullfrog
  2098 | D:3      | Reached skill level 1 in Air Magic
  2197 | D:3      | Found an ancient bone altar of Kikubaaqudgha.
  2303 | D:3      | Noticed a human
  2306 | D:3      | Killed a human
  2504 | D:3      | Found a sacrificial altar of Ru.
  2648 | D:4      | Noticed a scorpion
  2654 | D:4      | Killed a scorpion
  2655 | D:4      | Reached skill level 4 in Unarmed Combat
  2655 | D:4      | Gained mutation: You have a small tail. [demonic ancestry]
  2655 | D:4      | Reached XP level 5. HP: 27/37 MP: 5/5
  2727 | D:4      | Found a staircase to the Ecumenical Temple.
  2900 | D:4      | Noticed Sigmund
  2921 | D:4      | Killed Sigmund
  2922 | D:4      | Reached skill level 5 in Unarmed Combat
  2922 | D:4      | Gained mutation: You have a somewhat thin skeletal
                  | structure. (Dex +2, Stealth+) [demonic ancestry]
  2922 | D:4      | Reached XP level 6. HP: 20/43 MP: 6/6
  3012 | D:4      | Noticed Pargi
  3021 | D:4      | Killed Pargi
  3358 | Temple   | Entered the Ecumenical Temple
  3517 | Temple   | Became a worshipper of Nemelex Xobeh the Trickster
  3550 | D:5      | Entered Level 5 of the Dungeon
  3635 | D:5      | Gained mutation: You are mostly covered in sharp spines.
                  | [demonic ancestry]
  3635 | D:5      | Reached XP level 7. HP: 48/48 MP: 7/7
  3670 | D:5      | Reached skill level 5 in Shapeshifting
  3952 | D:5      | Noticed Dowan
  3960 | D:5      | Killed Dowan
  3961 | D:5      | Reached skill level 6 in Unarmed Combat
  3961 | D:5      | Noticed Duvessa
  3970 | D:5      | HP: 1/48 [Duvessa/+0 short sword (8)]
  4049 | D:5      | Noticed an angel
  4051 | D:5      | Found a shimmering altar of Xom.
  4069 | D:5      | Killed Duvessa
  4571 | D:6      | Reached * piety under Nemelex Xobeh
  4623 | D:6      | Noticed a troll
  4637 | D:6      | Killed a troll
  4638 | D:6      | Reached skill level 7 in Unarmed Combat
  4638 | D:6      | Gained mutation: You regenerate magic rapidly. [demonic
                  | ancestry]
  4638 | D:6      | Reached XP level 8. HP: 24/54 MP: 8/8
  5090 | D:6      | Reached skill level 8 in Unarmed Combat
  5201 | D:6      | Identified a scroll of acquirement
  5202 | D:6      | Acquired the orb "Qajeuror" {*channel, +Blink rC+ rN+
                  | Int+2}
  5242 | D:7      | Received a gift from Nemelex Xobeh
  5266 | D:7      | Gained mutation: You are completely covered in sharp
                  | spines. [demonic ancestry]
  5266 | D:7      | Reached XP level 9. HP: 55/59 MP: 9/9
  5269 | D:7      | Reached skill level 1 in Hexes
  5278 | D:7      | Slain by a yak

Illustrated notes

Levels and vault maps discovered:
D:1:      minmay_arrival_diagonal_passages, layout_basic
D:2:      layout_basic, serial_shops, nicolae_shop_tiny_statue_garden,
          nicolae_twisty_statue_hallways, uniq_robin
D:3:      layout_loops_ring, mainiacjoe_overflow_cross_hatched,
          tgw_kikubaaqudgha
D:4:      layout_loops_ring, mainiacjoe_overflow_tiny_flanked,
          minmay_temple_entry_grid, uniq_pargi, uniq_sigmund
D:5:      layout_loops_corners, grunt_temple_overflow_order_and_chaos_1,
          uniq_duvessa
D:6:      layout_basic, dreamdust_princess_corridor
D:7:      layout_cave_pools, gammafunk_temple_overflow_claw,
          trog_ov_bears_minmay, uniq_maggie
Temple:   nicolae_temple_slightly_damp_pantheon

Skill      XL: |  1  2  3  4  5  6  7  8  9 |
---------------+----------------------------+-----
Unarmed Combat | 3 4 5 7 8 |  8.6
Shapeshifting  | 3 4 6 7 |  7.5
Air Magic      | 1 |  1.1
Dodging        | 2 |  2.0
Hexes          | 1 |  1.7
Fighting       | |  1.0

Action                     |  1- 3 |  4- 6 |  7- 9 || total
---------------------------+-------+-------+-------++-------
  Melee: Unarmed           |    82 |    67 |   125 ||   274
         Punch             |     3 |     6 |     7 ||    16
         Tailslap          |       |     6 |    16 ||    22
  Throw: Boomerang         |       |     7 |     9 ||    16
Ability: Begin Untransform |       |       |     1 ||     1
  Evoke: Wand              |       |       |     2 ||     2
    Use: Scroll            |     4 |     1 |     7 ||    12
         Potion            |       |       |     1 ||     1
   Stab: Sleeping          |     2 |       |       ||     2
 Armour: Animal skin       |    28 |       |       ||    28
         Ring mail         |     6 |    41 |    92 ||   139
  Dodge: Dodged            |    30 |    27 |    50 ||   107
   Form: Beast             |     2 |     1 |     1 ||     4
                           |     1 |     1 |       ||     2

Table legend: (Time is in decaauts)
 A = Elapsed time spent in this place.
 B = Non-inter-level travel time spent in this place.
 C = Inter-level travel time spent in this place.
 D = Time resting spent in this place.
 E = Time spent auto-exploring this place.
 F = Levels seen in this place.
 G = Mean time per level.
                   A        B        C        D        E       F      G
               +--------+--------+--------+--------+--------+-----+--------+
         Total |   5250 |   4985 |    265 |    150 |   3635 |   8 |  656.2 |
       Dungeon |   5069 |   4805 |    264 |    150 |   3635 |   7 |  724.1 |
        Temple |    180 |    180 |      0 |      0 |      0 |   1 |  180.0 |
               +--------+--------+--------+--------+--------+-----+--------+

Top non-repeatable levels by time:
     D:5: 1102 daAuts
     D:2: 981 daAuts
     D:1: 957 daAuts
     D:4: 723 daAuts
     D:3: 699 daAuts
     D:6: 556 daAuts
  Temple: 180 daAuts
     D:7: 50 daAuts
